 Dungeon Crawl Stone Soup version 0.20-a0-509-ga2a529b (webtiles) character file.

572 M4edhros the Vexing (level 7, -1/51 HPs)
             Began as a Formicid Arcane Marksman on Jan 22, 2017.
             Slain by a hound (2 damage)
             ... on level 5 of the Dungeon.
             The game lasted 00:04:11 (3280 turns).

M4edhros the Vexing (Formicid Arcane Marksman)      Turns: 3280, Time: 00:04:12

Health: -1/51      AC:  2    Str: 14    XL:     7   Next: 61%
Magic:  7/8        EV: 13    Int: 18    God:
Gold:   91         SH:  0    Dex: 13    Spells: 7/8 levels left

rFire    . . .     SeeInvis +   k - +1 dagger (drain)
rCold    . . .     Gourm    .   e - +0 robe
rNeg     . . .     Faith    .   (no shield)
rPois    +         Spirit   .   (helmet unavailable)
rElec    .         Reflect  .   (no cloak)
rCorr    .         Harm     .   (no gloves)
MR       .....                  (no boots)
Stlth    +++.......             (no amulet)
Regen    0.2/turn               (no ring)
                                i - ring of poison resistance

@: brilliant
A: permanent stasis, dig shafts and tunnels, four strong arms, antennae 3
a: Dig, Shaft Self


You were on level 5 of the Dungeon.
You were hungry.

You visited 1 branch of the dungeon, and saw 5 of its levels.

You collected 91 gold pieces.

Inventory:

Hand Weapons
 a - a +0 hand crossbow
 k - a +1 dagger of draining (weapon)
 p - a +0 blowgun
Missiles
 d - 10 bolts
 q - 6 poisoned needles
Armour
 e - a +0 robe (worn)
Jewellery
 g - an uncursed ring of ice
 i - a ring of poison resistance (left hand)
 r - a +2 amulet of reflection {unknown}
Scrolls
 b - a scroll of teleportation {unknown}
 h - a scroll of enchant weapon {unknown}
 j - 4 scrolls of identify {unknown}
 l - 2 scrolls of fog {unknown}
 m - a scroll of magic mapping {unknown}
 o - 3 scrolls of remove curse {unknown}
Books
 c - a book of Debilitation

   Spells                             Type                      Level
   a - Corona                         Hexes                        1
   b - Slow                           Hexes                        2
   c - Gell's Gravitas                Hexes/Translocation          3
   d - Inner Flame                    Hexes/Fire                   3
   e - Cause Fear                     Hexes                        4
   f - Leda's Liquefaction            Hexes/Earth                  4
Comestibles
 f - 3 bread rations
 n - 2 royal jellies
 s - a chunk of flesh


   Skills:
 + Level 2.7 Fighting
 * Level 2.4 Short Blades
 * Level 4.0 Crossbows
 + Level 2.5 Dodging
 * Level 4.5 Stealth
 - Level 1.1 Spellcasting
 * Level 5.7 Hexes


You had 7 spell levels left.
You knew the following spells:

 Your Spells              Type           Power        Failure   Level  Hunger
a - Corona                Hex            ####...      1%          1    ##.....


Dungeon Overview and Level Annotations

Branches:
Dungeon (5/15)
 Temple: D:4-7

Altars:
Elyvilon


Innate Abilities, Weirdness & Mutations

You cannot be hasted, slowed, berserked, paralysed or teleported.
You can dig through walls and to a lower floor.
Your four strong arms can wield two-handed weapons with a shield.
You have a pair of large antennae on your head. (SInv)


Message History

You hit the centaur. You drain the centaur!
The centaur is moderately wounded.
The centaur barely misses you.
You hit the centaur but do no damage.
The centaur is moderately wounded.
The centaur misses you.
You hit the centaur but do no damage.
The centaur is moderately wounded.
The centaur stops glowing.
The centaur barely misses you.
You aren't carrying any potions.
Are you sure you want to shaft yourself?
You are feeling hungry.
The centaur closely misses you. The hound bites you.
* * * LOW HITPOINT WARNING * * *
The centaur misses you.
You begin to dig a shaft.
You continue digging a shaft.
The hound bites you.
* * * LOW HITPOINT WARNING * * *
The centaur closely misses you. The hound bites you.
You die...

......#.....##
.........?...##
..............#
..............########
.....................##
......................##
............h.....(....#
............h.....(....#
............c@.((....[.#
.......................#
#####..........).......#
##
###.....##............##
........................##
.........#.##.####..#####
#.................##
#.......>..########
##..........#####


You could see a centaur and 2 hounds.

Vanquished Creatures
  An ogre (D:4)
  A water moccasin skeleton (D:4)
  A scorpion (D:4)
  A howler monkey (D:5)
  2 hounds (D:4)
  A jelly (D:5)
  An orc wizard (D:4)
  An orc priest (D:4)
  An iguana (D:5)
  3 worker ants (D:4)
  A hound skeleton (D:4)
  An adder (D:5)
  4 gnolls (D:5)
  An ooze (D:2)
  A leopard gecko (D:4)
  4 orcs
  4 giant cockroaches
  5 goblins
  4 hobgoblins
  6 jackals
  3 kobolds
  A bat (D:1)
  3 frilled lizards
  2 rats
53 creatures vanquished.

Notes
Turn   | Place    | Note
-------+----------+-------------------------------------------
     0 | D:1      | M4edhros the Formicid Arcane Marksman began the quest for the Orb.
     0 | D:1      | Reached XP level 1. HP: 15/15 MP: 2/2
    43 | D:1      | Reached XP level 2. HP: 21/21 MP: 3/3
   101 | D:1      | Reached skill level 4 in Hexes
   261 | D:2      | Reached XP level 3. HP: 19/26 MP: 4/4
   606 | D:4      | Reached skill level 1 in Short Blades
   606 | D:4      | Reached skill level 1 in Stealth
   606 | D:4      | Reached XP level 4. HP: 24/33 MP: 5/5
   736 | D:4      | HP: 1/33 [water moccasin skeleton (6)]
   737 | D:4      | Reached XP level 5. HP: 1/38 MP: 6/6
  1067 | D:4      | Noticed an ogre
  1094 | D:4      | HP: 2/57 [ogre/giant spiked club (7)]
  1095 | D:4      | Killed an ogre
  1095 | D:4      | Reached skill level 5 in Hexes
  1095 | D:4      | Reached XP level 6. HP: 2/45 MP: 7/7
  1704 | D:4      | Found a white marble altar of Elyvilon.
  2077 | D:4      | Reached XP level 7. HP: 32/51 MP: 8/8
  2502 | D:5      | Entered Level 5 of the Dungeon
  3280 | D:5      | HP: 1/51 [hound (4)]
  3280 | D:5      | Slain by a hound

Vault maps used:
D:1:      saegor_arrival_simple_c
D:2:      lemuel_crystal_altar, st_stairs_6, minmay_misc_feat_rows,
          kennysheep_generic_room_10, uniq_terence, uniq_sigmund
D:3:      nicolae_qazlal_eye_of_the_storm, lemuel_doored_altar,
          grunt_decor_arrowhead, st_stairs_10, minivault_5
D:4:      elyvilon_altar_1
D:5:      first_bread

Skill      XL: |  1  2  3  4  5  6  7 |
---------------+----------------------+-----
Hexes          | 4 5 |  5.7
Short Blades   | 1 2 |  2.4
Dodging        | 2 |  2.5
Stealth        | 1 3 4 |  4.5
Fighting       | 2 |  2.7
Crossbows      | 3 4 |  4.0
Spellcasting   | |  1.1

Action                   |  1- 3 |  4- 6 |  7- 9 || total
-------------------------+-------+-------+-------++-------
Melee: Dagger            |    32 |    50 |    81 ||   163
 Fire: Hand crossbow     |    33 |    37 |       ||    70
 Cast: Corona            |       |       |     1 ||     1
 Abil: Dig               |       |       |     3 ||     3
       Shaft Self        |       |       |     1 ||     1
  Use: Potion            |       |     6 |     1 ||     7
 Stab: Sleeping          |       |     2 |     1 ||     3
       Distracted        |       |       |     1 ||     1
  Eat: Chunk             |       |     3 |     5 ||     8
Armor: Robe              |     9 |    11 |     7 ||    27
       Skin              |       |    15 |     1 ||    16
Dodge: Dodged            |    23 |    38 |    65 ||   126
